 Dungeon Crawl Stone Soup version 0.30.1-9-gdf580d7c3d (webtiles) character file.

Game seed: 3313594026302281474

178380 KittyFluff the Tortoise (level 18, -5/119 HPs)
             Began as a Gargoyle Berserker on Oct 8, 2023.
             Was the Champion of Trog.
             Slain by a merfolk impaler
             ... wielding a +3 demon trident of freezing
              (13 damage)
             ... on level 4 of the Shoals.
             The game lasted 03:12:54 (41264 turns).

KittyFluff the Tortoise (Gargoyle Berserker)       Turns: 41264, Time: 03:12:55

Health: -5/119     AC: 46    Str: 31    XL:     18   Next: 20%
Magic:  0/18       EV: 15    Int:  9    God:    Trog [******]
Gold:   2129       SH:  0    Dex: 17    Spells: 17/17 levels left

rFire   . . .        Y - +3 dire flail (protect)
rCold   + . .        (shield currently unavailable)
rNeg    + . .        V - +3 plate armour
rPois   ∞            n - +0 helmet {SInv}
rElec   +            h - +0 cloak of the Monk {Slay+5}
rCorr   +            J - +2 pair of gloves
SInv    +            p - +1 pair of boots "Keff" {rPois rCorr}
Will    +++..        c - amulet of guardian spirit Stlth
                     w - ring "Duar Gaexen" {rElec rPois rC+ Str+5 Stlth-}
HPRegen 1.39/turn    L - +6 ring of dexterity
MPRegen 0.16/turn

%: guardian spirit
@: strong-willed, on berserk cooldown, flying, regenerating, hasted and slowed
A: sickness immunity, AC +13, big wings, negative energy resistance 1,
electricity resistance, torment resistance 1, petrification resistance
a: Renounce Religion, Berserk, Trog's Hand, Brothers in Arms


You were on level 4 of the Shoals.
You worshipped Trog.
Trog was exalted by your worship.
You visited 5 branches of the dungeon, and saw 27 of its levels.
You also visited: Gauntlet.

You collected 3037 gold pieces.
You spent 908 gold pieces at shops.

Inventory:

Hand Weapons
 m - a +3 sling
 r - a +3 great mace of flaming
 H - a +2 sling of flaming
 Y - a +3 dire flail of protection (weapon)
Missiles
 g - 4 silver javelins
 j - 40 boomerangs
 t - 16 poisoned darts (quivered)
 C - 2 throwing nets
 D - 21 javelins
 G - 2 datura-tipped darts
 T - 9 atropa-tipped darts
Armour
 h - the +0 cloak of the Monk (worn) {Slay+5}
   (You found it in a Gauntlet)

   Slay:      It affects your accuracy & damage with ranged weapons and melee
   (+5).
 k - a +1 plate armour of fire resistance
 n - a +0 helmet of see invisible (worn)
 p - the +1 pair of boots "Keff" (worn) {rPois rCorr}
   (You found it in a Gauntlet)

   rPois:     It protects you from poison.
   rCorr:     It protects you from acid and corrosion.
 I - a +3 leather armour of cold resistance
 J - a +2 pair of gloves (worn)
 K - a scarf of repulsion
 V - a +3 plate armour (worn)
Jewellery
 c - an amulet of guardian spirit (around neck)
 v - a ring of willpower
 w - the ring "Duar Gaexen" (left hand) {rElec rPois rC+ Str+5 Stlth-}
   (You took it off a minotaur in a Gauntlet)

   [ring of protection from cold]

   Str:       It affects your strength (+5).
   rC:        It protects you from cold.
   rElec:     It insulates you from electricity.
   rPois:     It protects you from poison.
   Stlth:     It makes you less stealthy.
 L - a +6 ring of dexterity (right hand)
Wands
 o - a wand of flame (37)
 z - a wand of roots (41)
 A - a wand of paralysis (25)
 E - a wand of polymorph (5)
 P - a wand of digging (2)
 Q - a wand of mindburst (8)
 X - a wand of quicksilver (5)
Scrolls
 e - 5 scrolls of enchant armour
 i - 4 scrolls of blinking
 l - 4 scrolls of fog
 u - 2 scrolls of immolation
 y - 4 scrolls of summoning
 F - a scroll of silence
 M - 2 scrolls of torment
 N - a scroll of magic mapping
 O - 4 scrolls of fear
 S - 12 scrolls of teleportation
 W - 3 scrolls of poison
 Z - 2 scrolls of enchant weapon
Potions
 a - a potion of invisibility
 b - 8 potions of mutation
 d - 2 potions of haste
 f - a potion of resistance
 x - 5 potions of lignification
 B - 5 potions of might
 R - 2 potions of attraction
 U - 2 potions of ambrosia
Miscellaneous
 s - a box of beasts


   Skills:
 + Level 15.0 Fighting
 * Level 19.0 Maces & Flails
 * Level 20.4 Armour
 + Level 11.6 Dodging


You had 17 spell levels left.
You didn't know any spells.
Your spell library was empty.

Dungeon Overview and Level Annotations

Branches:
Dungeon (15/15)            Temple (0/1) D:6            Lair (5/5) D:10
 Shoals (4/4) Lair:2       Spider (0/4) Lair:3        Slime (0/5) Lair:4
    Orc (2/2) D:9             Elf (1/3) Orc:2        Vaults (0/5) D:14
 Depths (0/4) D:15        Gauntlet (visited)

Altars:
Dithmenos
Elyvilon
Fedhas
Kikubaaqudgha
Makhleb
Okawaru
Ru
Sif Muna
Trog
Wu Jian
Xom
Yredelemnul
Zin
Jiyva
Lugonu

Shops:
D:1 (   D:2 !   D:8 *   D:9 [   Orc:2 ![*(=   Shoals:1 ?=(**

Portals:
Abyss: Lair:5
Trove: D:11 (show slimy rune of Zot)

Annotations:
Lair:4 exclusion: 3 oklob plants


Innate Abilities, Weirdness & Mutations

You are immune to sickness and miasma.
Your stone body is resilient. (AC +13)
You are immune to poison.
Your large and strong wings let you fly.
You resist negative energy. (rN+)
You are resistant to electric shocks. (rElec)
You are resistant to unholy torment.
You are immune to petrification.


Message History

Press: ? - help, Shift-Dir - straight line The roots erupt in riotous growth!
Roots grab the merfolk impaler.
The grasping roots constrict the merfolk impaler!
You hear a shout!
The merfolk impaler misses you. The merfolk impaler closely misses you.
The merfolk impaler hits you but does no damage.
The grasping roots constrict the merfolk impaler!
The roots release their grip on the merfolk impaler.
The merfolk impaler hits you but does no damage. x2
The merfolk impaler hits you but does no damage.
The merfolk impaler barely misses you.
The merfolk impaler hits you but does no damage.
The merfolk impaler closely misses you.
The merfolk impaler hits you but does no damage.
The merfolk impaler hits you but does no damage.
The merfolk impaler hits you but does no damage. x2
The merfolk impaler hits you but does no damage.
The merfolk impaler hits you from afar with a +3 demon trident of freezing.
* * * LOW HITPOINT WARNING * * *
The merfolk impaler freezes you.
* * * LOW HITPOINT WARNING * * *
The merfolk impaler hits you from afar with a +3 demon trident of freezing.
* * * LOW HITPOINT WARNING * * *
The merfolk impaler hits you from afar with a +3 demon trident of freezing.
* * * LOW HITPOINT WARNING * * *
Okay, then.
Your skin crawls.
You feel strong-willed.
The merfolk impaler hits you from afar with a +3 demon trident of freezing!
* * * LOW HITPOINT WARNING * * *
The merfolk impaler freezes you.
* * * LOW HITPOINT WARNING * * *
The merfolk impaler hits you but does no damage.
The merfolk impaler misses you.
You feel yourself speed up.
The merfolk impaler hits you but does no damage. x2
The merfolk impaler misses you.
The merfolk impaler hits you from afar with a +3 demon trident of freezing!
You die...

#≈≈t≈≈≈≈≈≈≈≈≈≈≈≈≈≈≈≈
#≈≈≈≈≈≈≈≈≈≈≈≈≈≈≈≈≈≈≈
#≈≈≈≈≈≈≈≈≈≈≈≈≈≈≈≈≈≈~
#≈≈≈≈≈≈≈≈≈≈≈≈≈≈≈≈≈~~
#≈≈≈≈≈≈≈≈≈≈≈≈≈≈≈≈~~~
#≈≈≈≈≈≈≈≈≈≈≈≈≈≈~~~~~
#≈≈≈≈≈≈≈≈≈≈≈≈≈≈~~~÷~
#≈≈≈≈≈≈≈≈≈≈≈≈≈~~)~..
#≈≈@≈≈≈≈!..~~~~~~...
#≈≈≈≈≈≈.##.~#~#~~...
#≈≈m≈≈..#######.....
#≈≈≈~.##~~# #^.##...
#≈≈≈~.##~~~Z~..##...
#≈≈≈~.~##~#~#~##~...
#≈≈≈≈.## ≈~ ~≈ ##...
#≈≈≈≈.## ~#~#~ #...
#≈≈≈≈.~# ~≈~ #...


You could see a merfolk impaler.

Vanquished Creatures
  Jorgrun (Orc:2)
  Polyphemus (Shoals:3)
  Aizul (Shoals:1)
  2 orc warlords
  A minotaur (Gauntlet)
  Snorg (Lair:4)
  7 merfolk impalers
  A fire dragon (D:14)
  11 merfolk javelineers
  A great orb of eyes (D:15)
  An entropy weaver (Gauntlet)
  A rakshasa (D:14)
  5 hydras
  A catoblepas (Shoals:3)
  3 boulder beetles
  A death knight (D:15)
  3 centaur warriors
  18 two-headed ogres
  3 merfolk aquamancers
  2 ogre magi (D:15)
  5 alligator snapping turtles
  A satyr (Shoals:3)
  3 merfolk avatars
  The ghost of laqueoix the Carver, a novice MfGl of Wu Jian (D:9)
  11 death yaks
  3 tengu warriors (D:13)
  4 orc high priests (Orc:2)
  A deep elf knight (Elf:1)
  Sonja (D:11)
  3 thrashing horrors (Lair:5)
  3 skysharks
  A shadow wraith (Shoals:3)
  2 skeletal warriors (D:15)
  A sea snake (shapeshifter) (D:15)
  Lodul (D:13)
  8 sea snakes
  A phantasmal warrior (D:15)
  A deep elf archer (Elf:1)
  9 deep elf zephyrmancers
  3 orc knights (Orc:1)
  A lindwurm (Lair:5)
  19 harpies
  2 deep elf pyromancers
  2 wolf spiders
  A necromancer (D:14)
  6 cyclopes
  10 fauns
  4 orc sorcerers
  21 manticores
  10 ugly things
  5 merfolk sirens
  19 elephants
  4 water nymphs
  A black mamba (shapeshifter) (D:14)
  A torpor snail (Lair:4)
  3 smoke demons (Lair:5)
  7 black mambas
  A large abomination (Lair:5)
  2 gargoyles
  6 cane toads
  3 unseen horrors
  6 komodo dragons
  An efreet (D:11)
  3 ancient zymes (Lair:5)
  2 tengu conjurers (D:13)
  12 trolls
  A burning bush (Lair:3)
  3 meliai (D:9)
  3 wind drakes
  37 merfolk
  2 polar bears
  A tarantella (shapeshifter) (D:14)
  Grinder (D:6)
  A hornet (shapeshifter) (D:14)
  38 blink frogs
  9 snapping turtles
  26 dream sheep
  9 centaur simulacra
  2 air elementals (Elf:1)
  17 slime creatures
  A spriggan (shapeshifter) (D:15)
  3 ynoxinuls (Lair:5)
  A shadow (D:9)
  A vampire (D:11)
  2 spriggans (Lair:5)
  9 water elementals
  Sigmund (D:2)
  2 jumping spiders
  3 wraiths
  Eustachio (D:6)
  3 wyverns
  49 yaks
  7 basilisks
  A steam dragon (D:6)
  4 vampire mosquitoes (D:12)
  A harpy simulacrum (Gauntlet)
  2 wargs
  2 redbacks (Lair:3)
  A swamp worm (shapeshifter) (D:15)
  A chaos spawn (Lair:5)
  4 acid dragons
  19 water moccasins
  2 black bears
  30 orc warriors
  A sky beast (D:7)
  5 ice beasts
  15 wolves
  17 ogres
  5 centaurs
  A kobold brigand (D:10)
  13 bullfrogs
  A gnoll sergeant (D:6)
  10 small abominations (Lair:5)
  5 scorpions
  8 killer bees
  2 vampire bats (D:6)
  2 howler monkeys
  3 electric eels (D:10)
  A wyvern simulacrum (Gauntlet)
  Crazy Yiuf (D:3)
  6 hounds
  4 jellies
  A gnoll bouda (Lair:2)
  14 orc priests
  4 sleepcaps
  Terence (D:3)
  2 iguanas
  21 orc wizards
  A boggart simulacrum (Gauntlet)
  Robin (D:2)
  19 gnolls
  2 adders
  2 shadow imps
  2 white imps
  2 howler monkey simulacra (D:10)
  4 ufetubi
  2 worms (D:2)
  2 dart slugs
  68 orcs
  2 bat skeletons (D:6)
  3 bat zombies (D:6)
  4 endoplasms
  5 giant cockroaches
  33 goblins
  41 hobgoblins
  4 jackals (D:4)
  10 kobolds
  4 quokkas
  5 ball pythons
  2 bats (D:1)
  3 frilled lizards (D:1)
  7 rats
951 creatures vanquished.

Vanquished Creatures (others)
  A sea snake (Shoals:4)
  2 deep elf zephyrmancers (Elf:1)
  A water nymph (Shoals:4)
  4 tentacles (Shoals:4)
8 creatures vanquished.

Grand Total: 959 creatures vanquished

Notes
Turn   | Place    | Note
-------+----------+-------------------------------------------
     0 | D:1      | KittyFluff the Gargoyle Berserker began the quest for the
                  | Orb.
     0 | D:1      | Reached XP level 1. HP: 14/14 MP: 1/1
   144 | D:1      | Reached XP level 2. HP: 19/19 MP: 2/2
   250 | D:1      | Found Wesalos's Weapon Boutique.
   899 | D:2      | Reached XP level 3. HP: 19/23 MP: 3/3
   920 | D:2      | Reached ** piety under Trog
   941 | D:2      | Found a faded altar of an unknown god.
  1213 | D:2      | Noticed Robin
  1224 | D:2      | Killed Robin
  1225 | D:2      | Reached skill level 3 in Armour
  1328 | D:2      | Found Simiofar's Distillery.
  1372 | D:2      | Reached XP level 4. HP: 29/29 MP: 4/4
  1521 | D:2      | Noticed Sigmund
  1542 | D:2      | Killed Sigmund
  1543 | D:2      | Reached skill level 4 in Armour
  1543 | D:2      | Reached XP level 5. HP: 31/33 MP: 3/5
  1682 | D:2      | Reached XP level 6. HP: 21/38 MP: 2/6
  1968 | D:3      | Noticed Terence
  1992 | D:3      | Killed Terence
  2391 | D:3      | Found a runed translucent door.
  2392 | D:3      | Noticed Crazy Yiuf
  2403 | D:3      | Killed Crazy Yiuf
  2690 | D:3      | Found a bloodstained altar of Trog.
  3093 | D:4      | Found a shadowy altar of Dithmenos.
  3093 | D:4      | Found a basalt altar of Yredelemnul.
  3208 | D:4      | Reached skill level 5 in Maces & Flails
  3403 | D:4      | Reached XP level 7. HP: 26/44 MP: 4/7
  3508 | D:4      | Reached *** piety under Trog
  3640 | D:4      | Found a sacrificial altar of Ru.
  3877 | D:4      | Reached skill level 5 in Armour
  4099 | D:4      | Reached **** piety under Trog
  4435 | D:4      | Reached skill level 5 in Fighting
  4650 | D:5      | Entered Level 5 of the Dungeon
  4714 | D:5      | Reached XP level 8. HP: 49/49 MP: 8/8
  4797 | D:5      | Reached skill level 6 in Armour
  6226 | D:6      | Noticed Eustachio
  6249 | D:6      | Reached skill level 7 in Armour
  6448 | D:6      | Found a staircase to the Ecumenical Temple.
  6721 | D:6      | Reached XP level 9. HP: 51/55 MP: 7/9
  6901 | D:6      | Killed Eustachio
  7112 | D:6      | Reached skill level 8 in Armour
  7603 | D:6      | Noticed Grinder
  7608 | D:6      | Paralysed by Grinder for 5 turns
  7623 | D:6      | Killed Grinder
  7838 | D:6      | Found an ancient bone altar of Kikubaaqudgha.
  7975 | D:7      | You fall into a shaft and drop 1 floor!
  7979 | D:8      | Found an ornate altar of the Wu Jian Council.
  8140 | D:8      | Noticed a two-headed ogre
  8154 | D:8      | Killed a two-headed ogre
  8155 | D:8      | Reached skill level 9 in Armour
  8155 | D:8      | Reached XP level 10. HP: 47/63 MP: 5/10
  8424 | D:7      | Reached skill level 5 in Dodging
  8536 | D:7      | Found a white marble altar of Elyvilon.
  8578 | D:7      | Found an iron altar of Okawaru.
  8668 | D:7      | Found a blossoming altar of Fedhas.
  8780 | D:7      | Reached ***** piety under Trog
  9490 | D:8      | Found Laumats's General Store.
  9805 | D:9      | Reached skill level 10 in Armour
 10019 | D:9      | Noticed a cyclops
 10021 | D:9      | Found a runed translucent door.
 10021 | D:9      | Noticed laqueoix's ghost (novice MfGl)
 10037 | D:9      | Killed a cyclops
 10546 | D:9      | Reached skill level 10 in Maces & Flails
 10551 | D:9      | Reached XP level 11. HP: 68/68 MP: 11/11
 10867 | D:9      | Found a staircase to the Orcish Mines.
 10872 | D:9      | Found Goaguev's Armour Shop.
 10986 | D:9      | Reached skill level 11 in Armour
 11730 | D:9      | Found a shimmering blue altar of Sif Muna.
 11905 | D:10     | Entered Level 10 of the Dungeon
 12004 | D:10     | Found a burning altar of Makhleb.
 12371 | D:10     | Found a shimmering altar of Xom.
 12415 | D:10     | Noticed a two-headed ogre
 12597 | D:10     | Killed a two-headed ogre
 12646 | D:10     | Noticed a two-headed ogre
 12659 | D:10     | Killed a two-headed ogre
 12692 | D:10     | Reached skill level 12 in Armour
 12970 | D:10     | Received a gift from Trog
 13121 | D:10     | Noticed a two-headed ogre
 13133 | D:10     | Killed a two-headed ogre
 13134 | D:10     | Reached XP level 12. HP: 64/76 MP: 7/12
 13437 | D:10     | Found a glowing silver altar of Zin.
 13620 | D:10     | Found a staircase to the Lair.
 13880 | Lair:1   | Entered Level 1 of the Lair of Beasts
 15144 | Lair:2   | Found a staircase to the Shoals.
 15301 | Lair:2   | Reached skill level 13 in Armour
 15829 | Lair:2   | HP: 1/77 [blink frog (7)]
 15858 | Lair:2   | Reached skill level 10 in Fighting
 16058 | Lair:3   | Found a hole to the Spider Nest.
 16477 | Lair:3   | Reached XP level 13. HP: 54/82 MP: 13/13
 16861 | Lair:3   | Reached skill level 14 in Armour
 18128 | Lair:4   | Received a gift from Trog
 18314 | Lair:4   | Noticed Snorg
 18340 | Lair:4   | Killed Snorg
 19050 | Lair:4   | Found a viscous altar of Jiyva.
 19065 | Lair:4   | Found a staircase to the Slime Pits.
 19711 | Lair:4   | Reached skill level 15 in Armour
 19968 | Lair:4   | Gained mutation: Your large and strong wings let you fly.
                  | [Gargoyle growth]
 19968 | Lair:4   | Reached XP level 14. HP: 29/90 MP: 4/14
 20427 | Lair:5   | Entered Level 5 of the Lair of Beasts
 21875 | Lair:5   | Received a gift from Trog
 22251 | Lair:5   | Reached skill level 16 in Armour
 22269 | Lair:5   | Reached skill level 15 in Maces & Flails
 24193 | Lair:5   | Reached XP level 15. HP: 71/96 MP: 11/15
 24330 | Lair:5   | Found a corrupted altar of Lugonu.
 24330 | Lair:5   | Found a one-way gate to the infinite horrors of the Abyss.
 25077 | D:11     | Found a portal to a secret trove of treasure.
 25586 | D:11     | Found a bloodstained altar of Trog.
 25763 | D:11     | Noticed Sonja
 25778 | D:11     | Killed Sonja
 26801 | D:13     | Reached skill level 17 in Armour
 27237 | D:13     | Noticed Lodul
 27256 | D:13     | Killed Lodul
 28526 | D:14     | Found a basalt altar of Yredelemnul.
 28772 | D:14     | Found a gate to the Vaults.
 29437 | D:15     | Entered Level 15 of the Dungeon
 29556 | D:15     | Found a shadowy altar of Dithmenos.
 29973 | D:15     | Received a gift from Trog
 30378 | D:15     | Reached skill level 10 in Dodging
 30536 | D:15     | Reached XP level 16. HP: 77/104 MP: 12/16
 30982 | D:15     | Reached skill level 18 in Armour
 31006 | D:15     | Paralysed by a great orb of eyes for 2 turns
 31065 | D:15     | Found a staircase to the Depths.
 31323 | Orc:1    | Entered Level 1 of the Orcish Mines
 31655 | Orc:2    | Entered Level 2 of the Orcish Mines
 31660 | Orc:2    | Found a staircase to the Elven Halls.
 31666 | Orc:2    | Reached ****** piety under Trog
 31808 | Orc:2    | Noticed Jorgrun
 31829 | Orc:2    | Killed Jorgrun
 31879 | Orc:2    | Found Xaxix's Distillery.
 31953 | Orc:2    | Found a gate leading to a gauntlet.
 32004 | Gauntlet | Entered a Gauntlet
 32004 | Gauntlet | Found a transporter.
 32004 | Gauntlet | Found a transporter.
 32004 | Gauntlet | Found a runed translucent door.
 32004 | Gauntlet | Found a runed translucent door.
 32016 | Gauntlet | Found a transporter.
 32036 | Gauntlet | Found a transporter.
 32036 | Gauntlet | Found a transporter.
 32088 | Gauntlet | Found a transporter.
 32091 | Gauntlet | Found a transporter.
 32129 | Gauntlet | Found a transporter.
 32132 | Gauntlet | Found a transporter.
 32132 | Gauntlet | Found a transporter.
 32147 | Gauntlet | Found a transporter.
 32163 | Gauntlet | Found a transporter.
 32173 | Gauntlet | Found a transporter.
 32244 | Gauntlet | Found a transporter.
 32414 | Gauntlet | Identified the +0 cloak of the Monk {Slay+5}
 32436 | Gauntlet | Identified the +1 pair of boots "Keff" {rPois rCorr}
 32477 | Gauntlet | Identified the ring "Duar Gaexen" {rElec rPois rC+ Str+5
                  | Stlth-}
 32504 | Gauntlet | Received a gift from Trog
 33410 | Orc:2    | Paralysed by an orc sorcerer for 5 turns
 33939 | Orc:2    | Found Quemifog's Antique Armour Boutique.
 33940 | Orc:2    | Found Rekh's Antique Weapon Boutique.
 33945 | Orc:2    | Found Igium Imy's General Store.
 33945 | Orc:2    | Found Melec's Jewellery Shop.
 33959 | Orc:2    | Received a gift from Trog
 34038 | Orc:2    | Bought a fine helmet for 332 gold pieces
 34038 | Orc:2    | Identified the +1 helmet "Uvuf" {rF+} (You bought it in a
                  | shop on level 2 of the Orcish Mines)
 34040 | Orc:2    | Bought a glowing helmet for 262 gold pieces
 34067 | Orc:2    | Bought 2 scrolls of teleportation for 84 gold pieces
 34069 | Orc:2    | Bought a scroll of immolation for 56 gold pieces
 34124 | Orc:2    | Bought a potion of heal wounds for 60 gold pieces
 34124 | Orc:2    | Bought a potion of heal wounds for 60 gold pieces
 34348 | D:9      | Killed laqueoix's ghost
 34412 | Elf:1    | Entered Level 1 of the Elven Halls
 34415 | Elf:1    | Paralysed by an air elemental for 1 turns
 34985 | Shoals:1 | Entered Level 1 of the Shoals
 34985 | Shoals:1 | Found Icanud's Assorted Antiques.
 35149 | Shoals:1 | Reached skill level 19 in Armour
 35537 | Shoals:1 | Found Wyawk's Jewellery Shop.
 35538 | Shoals:1 | Found Ricixt's Weapon Emporium.
 36105 | Shoals:1 | Noticed Aizul
 36126 | Shoals:1 | Killed Aizul
 36127 | Shoals:1 | Reached XP level 17. HP: 94/111 MP: 15/17
 36678 | Shoals:1 | Found Toubu's Magic Scroll Shop.
 36697 | Shoals:1 | Received a gift from Trog
 36707 | Shoals:1 | Bought a scroll of identify for 22 gold pieces
 36737 | Shoals:1 | Found Omuy's General Store.
 36772 | Shoals:1 | Bought a scroll of identify for 32 gold pieces
 38970 | Shoals:3 | Noticed Polyphemus
 39156 | Shoals:3 | Killed Polyphemus
 39285 | Shoals:3 | Reached skill level 20 in Armour
 39359 | Shoals:4 | Entered Level 4 of the Shoals
 39813 | Shoals:3 | Identified the +2 rapier of Zaitoeme {venom, Will+}
 40285 | Shoals:4 | Reached XP level 18. HP: 83/118 MP: 13/18
 40507 | Shoals:4 | Received a gift from Trog
 41237 | Shoals:4 | Reached skill level 15 in Fighting
 41261 | Shoals:4 | HP: 4/119 [merfolk impaler/+3 demon trident of freezing
                  | (9)]
 41264 | Shoals:4 | Slain by a merfolk impaler

Illustrated notes

Levels and vault maps discovered:
D:1:      dpeg_arrival_fog, layout_loops_ring, serial_shops, shop,
          minmay_pentomino_p2
D:2:      layout_basic, serial_shops, nicolae_shop_hallway_stairs,
          shapermc_ecumenical_altar_hornbeckon, uniq_sigmund, uniq_robin
D:3:      layout_basic, amcnicky_altar_gilded, uniq_crazy_yiuf_cottage,
          uniq_terence
D:4:      minmay_goblin_kobold_castle, layout_loops_cross,
          nicolae_ru_awakened_eye, grunt_temple_overflow_open,
          minmay_misc_feat_four_crosses
D:5:      black_bear_nest_1, layout_loops_ring
D:6:      layout_gridville, kennysheep_vampire_church,
          minmay_temple_entry_enclosed_plants, minmay_puff, uniq_grinder,
          uniq_eustachio
D:7:      layout_cave_pools, marbit_many_paths, mainiacjoe_overflow_two_lobes
D:8:      layout_basic, mainiacjoe_overflow_alcove_1, kennysheep_diamond
D:9:      layout_basic, old_standard_altar, orc_david_3, serial_aquarium,
          aquarium_bridge_long_joined [aquarium_subvault_bridge,
          aquarium_subvault_wall, aquarium_subvault_balcony,
          aquarium_subvault_wall, aquarium_subvault_wall,
          aquarium_subvault_bridge], aquarium_window_corridor_3,
          aquarium_window_fake, aquarium_window_1, aquarium_window_corner,
          aquarium_view_2d, aquarium_balcony_3b, hellmonk_ghost_happy_afterlife,
          item_on_display_a
D:10:     layout_loops_ring, mainiacjoe_overflow_six_doors_small,
          mainiacjoe_overflow_chevrons, nicolae_overflow_crystal_walls,
          due_lair_maze_entry_diamond, serial_ice, serial_ice_h, serial_ice_f,
          serial_ice_d, serial_ice_g, serial_ice_k, serial_ice_o
D:11:     layout_long_grid, enter_trove_2, serial_bayou_pond_d,
          trog_three_pillars_becter, uniq_sonja
D:12:     layout_gridville
D:13:     layout_basic, st_stairs_6, kennysheep_boxes, uniq_lodul
D:14:     nicolae_cairo_tiling_very_big, layout_irregular_city, david_vaults_1,
          yredelemnul_altar_generic
D:15:     gammafunk_enter_depths_forms, layout_small_grid,
          lemuel_coloured_pillars_altar, due_unseen_surprise
Lair:1:   layout_regular_city, grunt_megastairs_1
Lair:2:   layout_roguey, minmay_shoals_entry_beasts, dreamdust_gnoll_shepherd
Lair:3:   layout_chaotic_city, spider_nest_entry_a, evilmike_ambush
          [evilmike_ambush_outer_basic, evilmike_ambush_inner_basic],
          lemuel_fruit_tree
Lair:4:   layout_regular_city, minmay_slime_entry_oklob_enclosed,
          grunt_megastairs_2, uniq_snorg
Lair:5:   hellmonk_lair_end_abyssal_woods, layout_regular_city
Shoals:1: layout_shoals, serial_shops, shop, shop_statue, shop_statue,
          nicolae_shop_advertising_works [nicolae_subvault_shop_adworks], shop,
          nicolae_shoals_dead_sea_scrolls, uniq_aizul
Shoals:2: layout_shoals, nicolae_shoals_pincushion_passage
Shoals:3: layout_shoals, nicolae_shoals_hidden_pirate_stash, uniq_polyphemus
Shoals:4: shoals_end_grunt_ice, layout_shoals
Orc:1:    layout_caves, basic_altar
Orc:2:    st_orc_congregation, layout_caves, serial_shops, shop,
          gauntlet_entry_generic, uniq_jorgrun
Elf:1:    nicolae_elf_arrival_aired_out, layout_gridlike, serial_shops,
          bzr_entry_customers, minmay_elf_demonology, onia_ninara_cookie

Skill      XL: |  1  2  3  4  5  6  7  8  9 10 11 12 13 14 15 16 17 18 |
---------------+-------------------------------------------------------+-----
Armour         | 3 4 5 7 9 10 12 13 15 16 17 19 20 | 20.4
Dodging        | 2 3 4 5 6 7 8 9 10 11 | 11.6
Fighting       | 4 5 7 8 9 10 11 12 13 14 15 | 15.0
Maces & Flails | 4 5 7 8 10 11 12 14 15 16 17 18 19 | 19.0

Action                     |  1- 3 |  4- 6 |  7- 9 | 10-12 | 13-15 | 16-18 || total
---------------------------+-------+-------+-------+-------+-------+-------++-------
  Melee: Mace              |   114 |   178 |   723 |  1448 |   895 |       ||  3358
         Punch             |     1 |     2 |     7 |    21 |    19 |       ||    50
         Dire flail        |       |       |       |       |  1252 |  1576 ||  2828
   Fire: Sling             |       |       |       |       |       |     1 ||     1
  Throw: Dart              |       |       |       |       |     3 |     5 ||     8
 Invoke: Berserk           |       |     2 |     8 |     9 |     8 |     9 ||    36
         Trog's Hand       |       |       |       |       |     1 |     2 ||     3
  Evoke: Wand              |       |       |     3 |       |     1 |     3 ||     7
    Use: Scroll            |       |       |     6 |     4 |    10 |    12 ||    32
         Potion            |       |       |     1 |     2 |     6 |    12 ||    21
   Stab: Paralysed         |       |       |     7 |       |       |       ||     7
         Invisible         |       |       |       |       |       |     5 ||     5
         Petrified         |       |       |       |       |       |     4 ||     4
 Armour: Animal skin       |    25 |       |       |       |       |       ||    25
         Leather armour    |    27 |    92 |   347 |   815 |  1120 |   108 ||  2509
         Steam dragon scal |       |       |   276 |       |       |       ||   276
         Plate armour      |       |       |       |       |       |  1151 ||  1151
  Dodge: Dodged            |    75 |   112 |   841 |   863 |  1212 |  1207 ||  4310
